Cogmind - Beta 17 @@@ ROGUE MODE // 2026.06.29 @ 14:13:30 Player: the Result: Destroyed by as-94650 with Assembled Rifle Performance ------------- Evolutions (0) 0 Regions Visited (2) 400 Robots Destroyed (24) 120 Value Destroyed (247) 247 Prototype IDs (0) 0 Alien Tech Used (0) 0 Bonus (0) 0 TOTAL SCORE: 767 Bonus ------- None Cogmind --------- Core Integrity 0/250 Matter 285/300 Energy 99/100 System Corruption 3% Temperature Cool (0) Movement Core (50) Location -10/Mines Parts ------- > --- POWER (1) -------- (None) > --- PROPULSION (2) --- (None) > --- UTILITY (2) ------ Visual Processing Unit Seismic Detector > --- WEAPON (2) ------- Light Assault Rifle > --- INVENTORY (5) ---- Backup Power I Structural Scanner ECM Suite Grenade Launcher Mining Laser Peak State ------------ > --- POWER ------------ Backup Power I > --- PROPULSION ------- (None) > --- UTILITY ---------- Visual Processing Unit Seismic Detector > --- WEAPON ----------- Light Assault Rifle Mining Laser > --- INVENTORY -------- Structural Scanner ECM Suite Light Assault Rifle Grenade Launcher [Rating: 6] Favorites ----------- Power Backup Power I Engine Backup Power I Propulsion None Utility Seismic Detector Device Seismic Detector Processor Visual Processing Unit Weapon Light Assault Rifle Ballistic Gun Light Assault Rifle Special Weapon Mining Laser Build | -11 -10 -10 ------- Run | Yrd Mat Min Slots Evolved . | . . . Power . | . . . Propulsion . | . . . Utility . | . . . Weapon . | . . . Parts Attached 9 | 3 5 1 Power 1 | . 1 . Engine 1 | . 1 . Core . | . . . Reactor . | . . . Propulsion . | . . . Treads . | . . . Leg . | . . . Wheel . | . . . Hover . | . . . Flight . | . . . Utility 3 | 1 2 . Device 2 | 1 1 . Storage . | . . . Processor 1 | . 1 . Hackware . | . . . Protection . | . . . Artifact . | . . . Weapon 5 | 2 2 1 Energy Gun . | . . . Energy Cannon . | . . . Ballistic Gun 4 | 2 1 1 Ballistic Cannon . | . . . Launcher . | . . . Special Weapon 1 | . 1 . Impact Weapon . | . . . Slashing Weapon . | . . . Piercing Weapon . | . . . Special Melee Weapon . | . . . Unidentified Prototypes . | . . . Parts Lost 1 | . . 1 Power 1 | . . 1 Propulsion . | . . . Utility . | . . . Weapon . | . . . Highest Loss Streak 1 | . . 1 To Critical Strikes . | . . . Average Backups 2 | . 2 5 Power . | . . 1 Propulsion . | . . . Utility 1 | . 1 2 Weapon 1 | . 1 2 Tool/Special . | . . . Unused Backups 4 | . . 4 Power 1 | . . 1 Propulsion . | . . . Utility 2 | . . 2 Weapon 1 | . . 1 Tool/Special . | . . . Average Slot Usage (%) 56 | . 56 56 Engine 3 | . 2 13 Device 14 | . 14 14 Processor 13 | . 13 14 Ballistic Gun 24 | . 25 14 Peak Build Rating 6 | 3 6 6 Average Rating 4 | 1 4 4 On Entrance 2 | . 3 5 Avg Prop Armor Cover (%) . | . . . Naked Turns . | . . . Heaviest Build 3 | 3 3 3 Greatest Support 3 | 3 3 3 Greatest Overweight (x) . | . . . Average Overweight (x) . | . . . Largest Inventory Capacity 5 | 5 5 5 Average Capacity 5 | 5 5 5 Most Carried 5 | . 5 5 Average Carried 2 | . 2 5 Final Capacity 5 | 5 5 5 Final Carried 5 | . 5 5 Class Distribution -------------------- 97% | Mutant Dominant Class ---------------- Mutant | -10/Materials Mutant | -10/Mines Resources | -11 -10 -10 ----------- Run | Yrd Mat Min Matter Collected 504 | 244 245 15 Remotely . | . . . Salvage Created 583 | 76 474 33 Parts 49 | 6 37 6 Haulers Intercepted 1 | . 1 . Recyclers Shooed 2 | . 2 . Parts Field Recycled . | . . . Retrieved Matter . | . . . Parts Self-Destructed . | . . . Prevented . | . . . Parts Restored . | . . . Kills | -11 -10 -10 ------- Run | Yrd Mat Min Combat Hostiles Destroyed 13 | . 11 2 Guns 13 | . 11 2 Classes Destroyed 8 | 2 6 . Worker 3 | . 3 . Builder 1 | . 1 . Tunneler 3 | 1 2 . Hauler 1 | . 1 . Recycler 2 | 1 1 . Watcher 1 | . 1 . Swarmer 11 | . 9 2 Grunt 2 | . 2 . Best Kill Streak 2 | 2 2 2 Combat Bots Only 2 | . 2 2 Max Kills in Single Turn 1 | 1 1 1 Gunslinging . | . . . Exploded . | . . . Melee . | . . . Uniques/NPCs Destroyed . | . . . Combat | -11 -10 -10 -------- Run | Yrd Mat Min Hostile Shots Fired 74 | . 52 22 Missed 24 | . 18 6 Hits 50 | . 34 16 Projectile 50 | . 34 16 Damage Taken 450 | . 290 160 Core 259 | . 168 91 Absorbed by Shields . | . . . Core Remaining (%) 100 | 100 . . Volleys Fired 119 | 7 97 15 Largest 2 | 2 2 1 Hottest 100 | 40 100 20 Shots Fired 199 | 14 170 15 Gun 189 | 14 160 15 Cannon . | . . . Launcher . | . . . Special 10 | . 10 . Kinetic 189 | 14 160 15 Thermal 10 | . 10 . Explosive . | . . . Electromagnetic . | . . . Robot Hit Streak 7 | 7 7 3 Robot Miss Streak 4 | 1 4 3 Penetration Max . | . . . Secondary Targets 1 | . 1 . Max Gunslinging Chain 1 | . 1 . Shots Hit Robots 109 | 10 92 7 Core Hits 48 | 4 40 4 Critical Kills . | . . . Critical Parts Destroyed . | . . . Critical Strikes . | . . . Melee Attacks . | . . . Impact . | . . . Slashing . | . . . Piercing . | . . . Sneak Attacks . | . . . Combat Hostiles . | . . . Follow-up Attacks . | . . . Damage Inflicted 879 | 79 750 50 Guns 879 | 79 750 50 Cannons . | . . . Explosions . | . . . Melee . | . . . Ramming . | . . . Kinetic 879 | 79 750 50 Thermal . | . . . Explosive . | . . . Electromagnetic . | . . . Impact . | . . . Slashing . | . . . Piercing . | . . . Highest Corruption 3 | . 3 3 Average Corruption 2 | . 2 3 Corruption Purged . | . . . Corruption Blocked . | . . . Effects 23 | . 18 5 Message Errors 7 | . 6 1 Matter Fused 5 | . 4 1 Heat Flow Errors 2 | . . 2 Energy Discharges 2 | . 2 . Parts Fused 1 | . 1 . Data Loss (minor) 3 | . 2 1 Misfires 2 | . 2 . Weapon Failures 1 | . 1 . Overload Shots . | . . . Overflow Damage . | . . . Projectiles . | . . . Explosions . | . . . Melee . | . . . Knockbacks . | . . . Impact . | . . . Kinetic . | . . . Secondary . | . . . Self-Inflicted Damage . | . . . Shots . | . . . Rammed . | . . . Targets Rammed . | . . . Kicked . | . . . Crushed . | . . . Highest Temperature 222 | . 36 222 Average Temperature 43 | . 14 102 Received Heat Transfer 56 | . 36 20 Siege Activations . | . . . Martial Activations . | . . . Shielding Activations . | . . . Robots Disrupted . | . . . Combat Hostiles . | . . . Robots Corrupted . | . . . Combat Hostiles . | . . . Parts Fried . | . . . Impact Corruptions . | . . . Robots Melted . | . . . Combat Hostiles . | . . . Parts Melted . | . . . Heat Transferred . | . . . Parts Sabotaged . | . . . Parts Stolen . | . . . Parts Stripped . | . . . Power Chain Reactions . | . . . Alert | -11 -10 -10 ------- Run | Yrd Mat Min Maximum Alert Level . | . . . Low Security (%) 100 | 100 100 100 Level 1 . | . . . Level 2 . | . . . Level 3 . | . . . Level 4 . | . . . Level 5 . | . . . High Security . | . . . Max Security . | . . . Peak Influence 103 | 10 103 65 Initial 4 | . . 4 Average 33 | 3 35 27 Influence Increases 600 | 10 510 80 Destroy 0b10 Robot/C 260 | . 220 40 Destroy 0b10 Robot/NC 55 | 10 45 . Destroy Leader 54 | . 44 10 Successful Hack 5 | . 5 . Disable Machine 15 | . 15 . Destroy Structure 1 | . 1 . Partial Spotted 30 | . 15 15 Lose Combat Pursuer 180 | . 165 15 Influence Decreases 570 | 10 498 62 Entered New Map 8 | . . 8 Time Decay 552 | 10 498 44 Lost Part 10 | . . 10 Squads Dispatched 2 | . 2 . Investigation 1 | . 1 . Extermination . | . . . Reinforcement 1 | . 1 . Assault . | . . . Garrison . | . . . Intercept . | . . . Searches Triggered . | . . . Construction Impeded . | . . . Haulers Reinforced . | . . . Active Scanning Responses . | . . . Cargo Convoy Interrupts . | . . . Stealth | -11 -10 -10 --------- Run | Yrd Mat Min Distress Signals 2 | . 2 . Communications Jammed . | . . . Distress Signals . | . . . Times Spotted 37 | . 26 11 Peak Tracking Total 8 | . 4 8 Tactical Retreats 8 | . 7 1 Traps | -11 -10 -10 ------- Run | Yrd Mat Min Traps Triggered 3 | . 3 . Indirectly . | . . . Trap Hack Attempts . | . . . Triggered . | . . . Disarmed . | . . . Reprogrammed . | . . . Reused . | . . . Traps Extracted . | . . . Installed . | . . . Triggered . | . . . Machines | -11 -10 -10 ---------- Run | Yrd Mat Min Machines Disabled 1 | . 1 . Max in Single Turn 1 | . 1 . Machines Repaired . | . . . Machines Dismantled . | . . . Machines Sabotaged . | . . . Overloaded Fab Kills . | . . . Hacking | -11 -10 -10 --------- Run | Yrd Mat Min Machines Accessed 7 | . 7 . Terminals 5 | . 5 . Fabricators . | . . . Repair Stations . | . . . Recycling Units 2 | . 2 . Scanalyzers . | . . . Garrison Access . | . . . Total Hacks 13 | . 13 . Successful 8 | . 8 . Failed 5 | . 5 . Catastrophic . | . . . Database Lockouts . | . . . Manual 11 | . 11 . Terminals 11 | . 11 . Fabricators . | . . . Repair Stations . | . . . Recycling Units 2 | . 2 . Scanalyzers . | . . . Garrison Access . | . . . Terminal Hacks . | . . . Fabricator Hacks . | . . . Repair Station Hacks . | . . . Recycling Unit Hacks 2 | . 2 . Retrieve Components 2 | . 2 . Scanalyzer . | . . . Garrison Access Hacks . | . . . Unauthorized Hacks 6 | . 6 . Terminals 6 | . 6 . Botnet 1 | . 1 . Skim 5 | . 5 . Fabricators . | . . . Repair Stations . | . . . Recycling Units . | . . . Scanalyzers . | . . . Garrison Access . | . . . Data Cores Recovered . | . . . Used . | . . . Hacking Detections 4 | . 4 . Full Trace Events . | . . . Feedback Events . | . . . Feedback Blocked . | . . . Robot Schematics Acquired . | . . . Robots Built . | . . . Authchips . | . . . Time . | . . . Total Robot Build Rating . | . . . Part Schematics Acquired . | . . . Parts Built . | . . . Authchips . | . . . Time . | . . . Total Part Build Rating . | . . . Part Studies Acquired . | . . . Parts Repaired . | . . . Time . | . . . Parts Recycled . | . . . Recycled Matter . | . . . Retrieved Matter . | . . . Retrieved Components 16 | . 16 . Parts Scanalyzed . | . . . Part Schematics Acquired . | . . . Parts Damaged . | . . . Bothacking | -11 -10 -10 ------------ Run | Yrd Mat Min Used RIF Installer . | . . . Robots Hacked . | . . . Non-combat . | . . . Combat . | . . . Robot Hacks Applied . | . . . Relay Couplers Released . | . . . Fabnet Peak Effective % . | . . . Robots Rewired . | . . . Allies Hacked . | . . . Hacks Repelled . | . . . Allies | -11 -10 -10 -------- Run | Yrd Mat Min Total Allies . | . . . Largest Group . | . . . Highest-Rated Group . | . . . Highest-Rated Ally . | . . . Total Orders . | . . . Ally Attacks . | . . . Total Damage . | . . . Kills . | . . . Allies Corrupted . | . . . Allies Melted . | . . . Intel | -11 -10 -10 ------- Run | Yrd Mat Min Active Infowar (turns) 1516 | 8 1363 145 Optics 1440 | . 1295 145 Seismic 1516 | 8 1363 145 Robot Analysis Total . | . . . Derelict Logs Recovered . | . . . Drone Launches . | . . . Drone Recoveries . | . . . Exploration | -11 -10 -10 ------------- Run | Yrd Mat Min Turns Passed 1551 | 43 1363 145 Spaces Moved 1780 | 36 1519 225 Core 1780 | 36 1519 225 Treads . | . . . Legs . | . . . Wheels . | . . . Hover . | . . . Flight . | . . . Fastest Speed 50 | 50 50 50 Average Speed 50 | 50 50 50 Slowest Speed 50 | 50 50 50 Overloaded Moves . | . . . Propulsion Burnouts . | . . . Robots Hopped . | . . . Potential Cave-ins . | . . . Cave-ins Triggered . | . . . Exploration Rate (%) 45 | 3 97 37 Regions Visited 2 Branch Regions 1 Pre-discovered Areas 2 | . 2 . Known Exits Taken . | . . . Unknown Exits Taken 2 | 1 1 . Scrap Searched . | . . . Spaces Dug . | . . . Terrain Destroyed 1 | . 1 . Melee . | . . . Projectile 1 | . 1 . AOE . | . . . Terrain Rammed . | . . . Walls Destroyed . | . . . Machines Disabled . | . . . Actions | -11 -10 -10 --------- Run | Yrd Mat Min Total 2255 | 47 1963 245 Wait 339 | 2 334 3 Move 1778 | 35 1518 225 Hop . | . . . Pick Up 5 | . 5 . Fast Attach 6 | 3 2 1 Attach . | . . . Detach 1 | . 1 . Swap 4 | . 4 . Drop 3 | . 2 1 Fire 119 | 7 97 15 Melee . | . . . Ram . | . . . Kick . | . . . Crush . | . . . Escape Stasis . | . . . Rewire . | . . . Trap . | . . . Miscellaneous . | . . . Route ------- -11/Scrapyard -10/Materials (discovered 5 exits: *Mat x3 / [*Min] / Sub) -10/Mines (discovered 2 exits: *Mat / Sub) History --------- Turn | Location | Event 8 | -11/Scrapyard | Discovered new exit (range 16) 44 | -11/Scrapyard | Entered Materials 151 | -10/Materials | Discovered new exit (range 17) 264 | -10/Materials | Discovered new exit (range 3) 304 | -10/Materials | Build established: Mutant 322 | -10/Materials | Discovered new exit (range 16) 544 | -10/Materials | Discovered new exit (range 18) 717 | -10/Materials | Core integrity fell below 50% 768 | -10/Materials | Learned location of Subcaves (-10) 826 | -10/Materials | Identified exit to Subcaves 945 | -10/Materials | Learned 2 Storage zone layouts 964 | -10/Materials | Learned location of 2 exits from Mines 1082 | -10/Materials | Learned Storage trap positions 1407 | -10/Materials | Entered Mines 1408 | -10/Mines | Identified exit to Materials 1417 | -10/Mines | Found a Scrap Suit stashed away for nefarious purposes 1473 | -10/Mines | Core integrity fell below 20% 1487 | -10/Mines | Assembled infested the area 1518 | -10/Mines | Found a hidden stash of uninstalled traps 1552 | -10/Mines | Destroyed by as-94650 with Assembled Rifle Last Messages --------------- 0b10 one day, and now we just have to find a way to safely deliver this to MAIN.C to get on their good side and convince them to let us into the system." 01433_ MPZF 7PT>SLAGVTJ R5Q|,:CJ 01467_ S-10 Pest destroyed. 01477_ Acquired 15 matter. 01480_ Acquired Lgt. Assault Rifle. 01481_ Dropped Lgt. Assault Rifle. 01487_ ALERT: Infestation in the mines, dispatching Demolisher response squad. 01489_ System corrupted: Heat flow error (+244). 01498_ K-01 Serf collects debris. 01518_ A stash of uninstalled traps is collected here! 01525_ System corrupted: Component data lost. 01542_ K-01 Serf collects debris. 01543_ System corrupted: Matter fused (-8). 01546_ The unstable cave ceiling collapses. 01549_ Backup Power I destroyed. Map ----- +----------------------------------------------------+ | #?## """#?????????????????????? | | ### """#?????????#??# ??????? | | #????????? ## ??????? | | ### #######????????? ???????? | | ??# #??????????????? ????????? | | ??# ####????????????% ????????? | | ??# ##???????????| ?????????? | | ??# """ #????????### ####??????? | | ?## """ #????????# # #??????? | | ?# """ #???????? #??#???? | | ?# ##?????### # ## #???? | | ?### #?????# ????? | | ???## ##????? ##?????? | | ????### ####### #?????? | | ??????## ## #[ ##?????? | | ???????## %= #?????? | | ????????########## *a!! ##??????? | | ?????????????????### =% #???????? | | ?????????????????## ##??????? | | ?????????????????# ###????? | | ?????????????????# =%! ##???? | | ?????????????????#### %""" #???? | | ????????????????????## """ #???? | | ??????????????????####k""" ##??? | | ??????????????????# a #??? | | ??????????????????# a @ #?? | | ??????????????????# ##### ## #?? | | ??????????????????# ????#r#??###?? | | ?????????????????? ?????# #??????? | | ?????????????????#??????# #??????? | | ????????????????????????# #??????? | | ????????????????????????# #??????? | | ????????????????????????# #??????? | | ????????????????????????# #??????? | | ????????????????????????# #??????? | | ????????????????????????? ???????? | | ????????????????????????? ???????? | | ????????????????????????? ???????? | | ????????????????????????? ???????? | | ????????????????????????? ???????? | | ?????????????????????????